cohdb
Replays
Latest Replays
All Replays
Popular Replays
Top Player Replays
Match Explorer
How It Works
Community
CoH3 Stats
Reddit
Sign in to upload your games and track your stats! →
Sign in with Steam
Match 39299998
Unlisted
Match 39299998
Overview
Messages
Build Orders
End
Construct Barracks
Selects Airborne Battlegroup
Riflemen Squad
Selects Heavy Machine Gun Paradrop
Heavy Machine Gun Paradrop
Riflemen Squad
Grenade Package
Selects Paratrooper Squad Paradrop
Paratrooper Squad Paradrop
Air Support Center
P-47 Strafing Run
Construct Motor Pool
Paratrooper Squad Paradrop
P-47 Strafing Run
Construct Tank Depot
Selects Recon Loiter
Selects Supply Drop
Recon Loiter
P-47 Strafing Run
M4A1 Sherman Medium Tank
P-47 Dive Bomb
P-47 Strafing Run
Double Sortie
Air Supply
Some_Devil
BossManShaw
bl4ckjack
CalmSassarShow
Nuclear Viking
Zoikum
圣园未花
Zzzz丶
0
0
Comments
sign in to comment!
No comments posted yet!